[Event "European Club Cup"]
[Site "chess24.com"]
[Date "2018.10.15"]
[Round "4.5"]
[White "May, Adam J"]
[Black "Boland, Dylan"]
[Result "0-1"]
[WhiteElo "1924"]
[BlackElo "1830"]
[PlyCount "122"]
[EventDate "2018.??.??"]
[WhiteTeam "Wales"]
[BlackTeam "Ireland"]
[WhiteTeamCountry "WLS"]
[BlackTeamCountry "IRL"]
[TimeControl "6000+845"]
[WhiteClock "1:12:04"]
[BlackClock "0:35:25"]

1. Nf3 d5 2. c4 e6 3. g3 Nf6 4. Bg2 c6 5. O-O Bd6 6. d4 Nbd7 7. Nc3 O-O 8. Bg5
dxc4 9. Nd2 Nb6 10. a4 a5 11. Bxf6 Qxf6 12. Nde4 Qe7 13. Nxd6 Qxd6 14. Ne4 Qe7
15. f4 Nd5 16. Rf3 b6 17. Qc2 Ba6 18. Nd2 c5 19. Nxc4 cxd4 20. Qb3 Qb4 21. Qxb4
axb4 22. Ne5 Bxe2 23. Rb3 Rfc8 24. Bxd5 exd5 25. Rxb4 d3 26. Rd4 Rc2 27. Nxd3
Rd2 28. Rxd5 Rxd3 29. Re5 Rd1+ 30. Rxd1 Bxd1 31. Rb5 Bxa4 32. Rxb6 g6 33. b3
Bd7 34. h4 Ra2 35. b4 Rb2 36. Rb7 Be6 37. b5 Kf8 38. b6 Ke8 39. Rb8+ Kd7 40.
Rb7+ Kc6 41. Rc7+ Kxb6 42. Rc3 h5 43. Re3 Rb3 44. Re5 Rxg3+ 45. Kf2 Rg4 46. Kf3
Rxh4 47. Re1 Rh1 48. Re5 h4 49. Kg2 Rd1 50. Re2 h3+ 51. Kh2 Kc5 52. Re5+ Kd4
53. Re2 Kd3 54. Re5 Rd2+ 55. Kh1 Re2 56. Ra5 Ke3 57. Ra3+ Kxf4 58. Ra4+ Kg5 59.
Ra5+ Bf5 60. Rb5 Kf4 61. Rb4+ Be4+ 0-1

[Event "European Club Cup"]
[Site "chess24.com"]
[Date "2018.10.15"]
[Round "4.6"]
[White "Burke, Kevin A"]
[Black "Buttell, David"]
[Result "0-1"]
[WhiteElo "1768"]
[BlackElo "1758"]
[PlyCount "72"]
[EventDate "2018.??.??"]
[WhiteTeam "Ireland"]
[BlackTeam "Wales"]
[WhiteTeamCountry "IRL"]
[BlackTeamCountry "WLS"]
[TimeControl "6000+1365"]
[WhiteClock "0:06:26"]
[BlackClock "0:03:22"]

1. e4 c5 2. c3 d5 3. exd5 Qxd5 4. d4 Nc6 5. Nf3 Bg4 6. Be2 Nf6 7. h3 Bh5 8. c4
Qd8 9. d5 Bxf3 10. Bxf3 Nd4 11. O-O g6 12. Be3 Nxf3+ 13. Qxf3 Bg7 14. Bxc5 O-O
15. Nd2 b5 16. Rad1 Qc7 17. b4 Nd7 18. Qe3 Rfc8 19. Qxe7 Bf8 20. Qg5 Nxc5 21.
bxc5 Qxc5 22. cxb5 Qxb5 23. Ne4 Rd8 24. Nf6+ Kh8 25. Rd4 Bg7 26. Rh4 Bxf6 27.
Qxf6+ Kg8 28. d6 Qd5 29. Rd4 Qxa2 30. Re1 Qb2 31. Re7 Rf8 32. d7 Rad8 33. Rxf7
Qb1+ 34. Rd1 Qxd1+ 35. Kh2 Rxf7 36. Qxd8+ Kg7 0-1

[Event "European Club Cup"]
[Site "chess24.com"]
[Date "2018.10.16"]
[Round "5.1"]
[White "Thorfinnsson, Bjorn"]
[Black "Pleasants, Allan J"]
[Result "1-0"]
[WhiteElo "2414"]
[BlackElo "2090"]
[PlyCount "61"]
[EventDate "2018.??.??"]
[WhiteTeam "Iceland"]
[BlackTeam "Wales"]
[WhiteTeamCountry "ISL"]
[BlackTeamCountry "WLS"]
[TimeControl "6000+845"]
[WhiteClock "0:39:49"]
[BlackClock "0:05:13"]

1. d4 g6 2. Nf3 Bg7 3. c3 Nf6 4. Bg5 d6 5. Nbd2 Nbd7 6. e3 c6 7. Qc2 Qc7 8.
O-O-O b5 9. e4 e5 10. c4 Bb7 11. cxb5 Rc8 12. dxe5 dxe5 13. Nc4 O-O 14. Nd6
cxb5 15. Nxc8 Qxc2+ 16. Kxc2 Bxe4+ 17. Kd2 Rxc8 18. Rc1 Rb8 19. Be2 Bf8 20. Ke1
Nd5 21. Kf1 f6 22. Be3 a6 23. Nd2 Bf5 24. a3 Rd8 25. g4 Be6 26. Kg2 Nxe3+ 27.
fxe3 Nb6 28. Rhd1 Nd5 29. Nf1 Bh6 30. Rc6 Re8 31. Rxe6 1-0

[Event "European Club Cup"]
[Site "chess24.com"]
[Date "2018.10.16"]
[Round "5.2"]
[White "Heaven, Pete"]
[Black "Kjartansson, David"]
[Result "0-1"]
[WhiteElo "2041"]
[BlackElo "2404"]
[PlyCount "64"]
[EventDate "2018.??.??"]
[WhiteTeam "Wales"]
[BlackTeam "Iceland"]
[WhiteTeamCountry "WLS"]
[BlackTeamCountry "ISL"]
[TimeControl "6000+1215"]
[WhiteClock "0:08:34"]
[BlackClock "0:21:40"]

1. e4 c5 2. Nf3 d6 3. d4 cxd4 4. Nxd4 Nf6 5. Nc3 g6 6. Be2 Bg7 7. Be3 O-O 8.
O-O Nc6 9. Nb3 a6 10. a4 Be6 11. f4 Rc8 12. f5 Bxb3 13. cxb3 Ne5 14. g4 Rxc3
15. bxc3 Nxe4 16. Bd4 Qc7 17. Rc1 Bh6 18. Rc2 Nc5 19. Bxe5 dxe5 20. Bc4 Bf4 21.
Qe2 g5 22. Rd1 Nxb3 23. h4 gxh4 24. g5 Rc8 25. Bxf7+ Kxf7 26. Qh5+ Kg8 27. f6
Qc5+ 28. Kh1 Rf8 29. Qh6 exf6 30. Rd7 Qc6+ 31. Rg2 Qxd7 32. gxf6+ Bg3 0-1

[Event "European Club Cup"]
[Site "chess24.com"]
[Date "2018.10.16"]
[Round "5.3"]
[White "Thorarinsson, Pall A"]
[Black "Garcia, Jason"]
[Result "1/2-1/2"]
[WhiteElo "2270"]
[BlackElo "2027"]
[PlyCount "160"]
[EventDate "2018.??.??"]
[WhiteTeam "Iceland"]
[BlackTeam "Wales"]
[WhiteTeamCountry "ISL"]
[BlackTeamCountry "WLS"]
[TimeControl "6000+1215"]
[WhiteClock "0:27:16"]
[BlackClock "0:38:18"]

1. e4 c5 2. b3 g6 3. Bb2 Nf6 4. e5 Ng8 5. f4 Nh6 6. Nf3 Bg7 7. Nc3 Nc6 8. Bb5
O-O 9. Bxc6 dxc6 10. Ne4 b6 11. O-O Bf5 12. Qe2 Bxe4 13. Qxe4 Qd5 14. Qe2 Nf5
15. Rae1 Rfd8 16. g4 Nd4 17. Bxd4 cxd4 18. d3 f6 19. exf6 exf6 20. Qe6+ Qxe6
21. Rxe6 c5 22. Rfe1 Kf8 23. g5 f5 24. h4 Re8 25. h5 Kf7 26. Rxe8 Rxe8 27. Rxe8
Kxe8 28. h6 Bf8 29. Ne5 a6 30. a4 Kd8 31. Kf2 Kc7 32. Ke2 b5 33. axb5 axb5 34.
Kf3 b4 35. Kg3 Kd6 36. Nc4+ Ke6 37. Nd2 Bd6 38. Nf3 Bc7 39. Nh4 Kf7 40. Kf3 Bd6
41. Kg3 Bc7 42. Nf3 Ke6 43. Nd2 Kd5 44. Kf3 Bd6 45. Nc4 Bc7 46. Nd2 Bd6 47. Nf1
Ke6 48. Ng3 Kf7 49. Nf1 Ke6 50. Kg3 Kd5 51. Nd2 Bc7 52. Nc4 Ke6 53. Nb2 Kd5 54.
Na4 Kc6 55. Kf3 Kd5 56. Nb2 Bd6 57. Kg3 Bc7 58. Nc4 Ke6 59. Nd2 Bd6 60. Kf3 Kd5
61. Nf1 Ke6 62. Kg3 Kd5 63. Kf3 Ke6 64. Ng3 Kf7 65. Nh1 Ke6 66. Nf2 Be7 67. Nh3
Bd6 68. Ng1 Bc7 69. Kg3 Bd6 70. Nf3 Bc7 71. Nh4 Kf7 72. Kf3 Bd6 73. Kg3 Bc7 74.
Nf3 Ke6 75. Nd2 Kd5 76. Nf3 Ke6 77. Nh4 Kf7 78. Nf3 Ke6 79. Nh4 Kf7 80. Nf3 Ke6
1/2-1/2

[Event "European Club Cup"]
[Site "chess24.com"]
[Date "2018.10.16"]
[Round "5.4"]
[White "May, Adam J"]
[Black "Millward, Kevin P"]
[Result "1/2-1/2"]
[WhiteElo "1924"]
[BlackElo "2023"]
[PlyCount "65"]
[EventDate "2018.??.??"]
[WhiteTeam "Wales"]
[BlackTeam "England"]
[WhiteTeamCountry "WLS"]
[BlackTeamCountry "ENG"]
[TimeControl "6000+1440"]
[WhiteClock "0:20:29"]
[BlackClock "0:00:55"]

1. c4 e5 2. g3 Nc6 3. Nc3 g6 4. Bg2 Bg7 5. e4 d6 6. Nge2 Nge7 7. O-O Be6 8. d3
O-O 9. Nd5 Nd4 10. Be3 c6 11. Nxe7+ Qxe7 12. Qd2 f5 13. Nxd4 exd4 14. Bg5 Qd7
15. exf5 Bxf5 16. Rfe1 Rae8 17. Bf4 h6 18. h4 Kh7 19. b4 c5 20. Rxe8 Rxe8 21.
Rb1 b6 22. b5 Qe6 23. Bf3 h5 24. a4 Bf6 25. Ra1 Bg4 26. Be4 Be5 27. Bg5 Rf8 28.
Bh6 Re8 29. a5 Bg7 30. Bf4 Be5 31. Bh6 Bf5 32. Bf3 Bf6 33. axb6 1/2-1/2

[Event "European Club Cup"]
[Site "chess24.com"]
[Date "2018.10.16"]
[Round "5.5"]
[White "Palsson, Halldor"]
[Black "Bevan, Peter M"]
[Result "1-0"]
[WhiteElo "2020"]
[BlackElo "1886"]
[PlyCount "45"]
[EventDate "2018.??.??"]
[WhiteTeam "Iceland"]
[BlackTeam "Wales"]
[WhiteTeamCountry "ISL"]
[BlackTeamCountry "WLS"]
[TimeControl "6000+980"]
[WhiteClock "0:36:18"]
[BlackClock "1:17:05"]

1. d4 Nf6 2. c4 e6 3. Nc3 Bb4 4. a3 Bxc3+ 5. bxc3 c5 6. e3 O-O 7. Ne2 d6 8. f3
Nc6 9. Ng3 e5 10. d5 Ne7 11. Bd3 Ne8 12. e4 f5 13. exf5 Nxf5 14. Ne4 Qh4+ 15.
g3 Qh5 16. O-O Nh6 17. Ng5 Nf6 18. Qc2 g6 19. Rb1 b6 20. a4 Nf7 21. h4 Nxg5 22.
Bxg5 Nxd5 23. Be4 1-0

[Event "European Club Cup"]
[Site "chess24.com"]
[Date "2018.10.16"]
[Round "5.6"]
[White "Buttell, David"]
[Black "Runarsson, Gunnar"]
[Result "1-0"]
[WhiteElo "1758"]
[BlackElo "1937"]
[PlyCount "97"]
[EventDate "2018.??.??"]
[WhiteTeam "Wales"]
[BlackTeam "Iceland"]
[WhiteTeamCountry "WLS"]
[BlackTeamCountry "ISL"]
[TimeControl "6000+1245"]
[WhiteClock "0:18:36"]
[BlackClock "0:30:28"]

1. d4 Nf6 2. c4 g6 3. Nc3 d5 4. Bf4 c6 5. e3 Bg7 6. Nf3 O-O 7. Be2 b6 8. O-O
Bb7 9. Rc1 dxc4 10. Bxc4 Nbd7 11. h3 b5 12. Be2 Qb6 13. Qc2 a6 14. Rfd1 Nh5 15.
Ne5 Nxe5 16. Bxe5 Nf6 17. Bxf6 Bxf6 18. Ne4 Rac8 19. Nc5 Rc7 20. Bf3 Rfc8 21.
b4 e6 22. Rd3 Ba8 23. a3 Re8 24. Rcd1 Be7 25. R1d2 Bb7 26. Qc1 Bc8 27. Rc3 Bf6
28. Rdc2 e5 29. Ne4 c5 30. dxc5 Qe6 31. Nd6 Rf8 32. Bg4 Qd5 33. Bxc8 e4 34. Rd2
Qe5 35. Rcc2 Bg5 36. Bg4 f5 37. Be2 f4 38. Qb2 Qe7 39. Qb3+ Kh8 40. exf4 Bxf4
41. Rd1 e3 42. f3 Qh4 43. Qc3+ Kg8 44. Ne4 Re7 45. Qe1 Qh5 46. Rc3 g5 47. Rcd3
g4 48. Rd8 gxh3 49. Nf6+ 1-0

[Event "European Club Cup"]
[Site "chess24.com"]
[Date "2018.10.17"]
[Round "6.1"]
[White "Berend, Fred"]
[Black "Pleasants, Allan J"]
[Result "1-0"]
[WhiteElo "2350"]
[BlackElo "2090"]
[PlyCount "131"]
[EventDate "2018.??.??"]
[WhiteTeam "Luxembourg"]
[BlackTeam "Wales"]
[WhiteTeamCountry "LUX"]
[BlackTeamCountry "WLS"]
[TimeControl "6000+1255"]
[WhiteClock "0:09:49"]
[BlackClock "0:00:40"]

1. Nf3 g6 2. c4 Bg7 3. Nc3 Nf6 4. e4 d6 5. d4 O-O 6. Be2 Nc6 7. O-O e5 8. d5
Ne7 9. Nd2 c6 10. b3 Rb8 11. Rb1 b5 12. dxc6 b4 13. c7 Qxc7 14. Nd5 Qb7 15.
Nxf6+ Bxf6 16. Re1 Bg7 17. Bg4 f5 18. Bf3 Qd7 19. h3 Nc6 20. exf5 gxf5 21. Bd5+
Kh8 22. Nf3 Ne7 23. c5 e4 24. Ng5 Nxd5 25. Qxd5 h6 26. c6 Qe7 27. c7 Rb7 28.
Nf3 Rxc7 29. Bf4 Rd7 30. Rbd1 Bb7 31. Qb5 d5 32. Ne5 Bxe5 33. Bxe5+ Kh7 34. Bd4
Rg8 35. f4 Rc7 36. Rc1 Rgc8 37. Rxc7 Qxc7 38. Qxb4 Ba6 39. Kh1 Bd3 40. Be5 Qf7
41. Kh2 h5 42. Qa3 Rg8 43. Qc5 e3 44. Qxe3 Be4 45. Rg1 h4 46. g4 hxg3+ 47. Rxg3
Rxg3 48. Qxg3 Qg6 49. Qh4+ Kg8 50. Qd8+ Kf7 51. Qc7+ Kg8 52. Qb8+ Kf7 53. Qxa7+
Kg8 54. Qb8+ Kf7 55. Qa7+ Kf8 56. Qg1 Qa6 57. Qf2 Qd3 58. Bd4 Qd1 59. Kg3 Kf7
60. Kh4 Qc1 61. Be5 Qc6 62. Qa7+ Ke6 63. Qb8 Kd7 64. Kg5 Qe6 65. Bf6 Kc6 66. a4
1-0

[Event "European Club Cup"]
[Site "chess24.com"]
[Date "2018.10.17"]
[Round "6.2"]
[White "Hewitt, William"]
[Black "Mossong, Hubert"]
[Result "0-1"]
[WhiteElo "2015"]
[BlackElo "2076"]
[PlyCount "62"]
[EventDate "2018.??.??"]
[WhiteTeam "Wales"]
[BlackTeam "Luxembourg"]
[WhiteTeamCountry "WLS"]
[BlackTeamCountry "LUX"]
[TimeControl "6000+1285"]
[WhiteClock "0:01:13"]
[BlackClock "0:02:19"]

1. e4 c5 2. Nf3 Nc6 3. d4 cxd4 4. Nxd4 e5 5. Nb5 d6 6. c4 Be7 7. N1c3 a6 8. Na3
Nf6 9. Be2 O-O 10. O-O Be6 11. Nc2 Ne8 12. b3 g6 13. Bh6 Ng7 14. Qd2 f5 15. f4
exf4 16. exf5 Bxf5 17. Bxf4 Bf6 18. Rac1 Be5 19. Nd5 Ne6 20. Bxe5 dxe5 21. Qe3
Ned4 22. Bd3 Bxd3 23. Rxf8+ Qxf8 24. Qxd3 Qf5 25. Qd2 Rf8 26. Nce3 Qg5 27. Kh1
Nf5 28. Rd1 Ncd4 29. Qd3 Nxe3 30. Nxe3 Rf2 31. Qe4 Re2 0-1

[Event "European Club Cup"]
[Site "chess24.com"]
[Date "2018.10.17"]
[Round "6.3"]
[White "Klauner, Theid"]
[Black "Heaven, Pete"]
[Result "1/2-1/2"]
[WhiteElo "2032"]
[BlackElo "2041"]
[PlyCount "93"]
[EventDate "2018.??.??"]
[WhiteTeam "Luxembourg"]
[BlackTeam "Wales"]
[WhiteTeamCountry "LUX"]
[BlackTeamCountry "WLS"]
[TimeControl "6000+825"]
[WhiteClock "0:37:22"]
[BlackClock "0:31:45"]

1. d4 Nf6 2. Bf4 e6 3. e3 c5 4. c3 Qb6 5. Qb3 Qxb3 6. axb3 Nc6 7. Nf3 Nh5 8.
Bg3 Nxg3 9. hxg3 d5 10. Na3 a6 11. Nc2 cxd4 12. Ncxd4 Bd7 13. b4 Rc8 14. Bd3 g6
15. b5 Nxd4 16. Nxd4 axb5 17. Nxb5 Rc5 18. Ra8+ Ke7 19. Nd4 e5 20. Nb3 Rc7 21.
Kd2 h5 22. f3 f5 23. Rb8 Bg7 24. Rxh8 Bxh8 25. g4 e4 26. Be2 exf3 27. gxf3 fxg4
28. fxg4 Ba4 29. Nc1 Bg7 30. gxh5 gxh5 31. Rxh5 Bc6 32. Nd3 Kd6 33. Bf3 Rf7 34.
Ke2 Re7 35. Kf2 Re6 36. Rf5 Rf6 37. Rxf6+ Bxf6 38. Nf4 Kc5 39. Be2 Kd6 40. Bd3
b5 41. Ne2 b4 42. Nd4 bxc3 43. bxc3 Bxd4 44. cxd4 Bd7 45. Kf3 Bc6 46. Kf4 Bb7
47. e4 1/2-1/2

[Event "European Club Cup"]
[Site "chess24.com"]
[Date "2018.10.17"]
[Round "6.4"]
[White "Garcia, Jason"]
[Black "Guidoreni, Jean"]
[Result "0-1"]
[WhiteElo "2027"]
[BlackElo "1862"]
[PlyCount "84"]
[EventDate "2018.??.??"]
[WhiteTeam "Wales"]
[BlackTeam "Luxembourg"]
[WhiteTeamCountry "WLS"]
[BlackTeamCountry "LUX"]
[TimeControl "6000+1420"]
[WhiteClock "0:43:44"]
[BlackClock "0:31:02"]

1. e4 c6 2. d4 d5 3. e5 Bf5 4. Ne2 e6 5. Ng3 Bg6 6. h4 h6 7. h5 Bh7 8. Bd3 Bxd3
9. cxd3 Ne7 10. Qg4 Qd7 11. Nd2 Na6 12. a3 c5 13. dxc5 Nxc5 14. O-O Nxd3 15.
Qd4 Nxc1 16. Raxc1 Nc6 17. Qe3 Be7 18. Rfd1 Qc7 19. f4 Bh4 20. Ne2 O-O 21. b4
Qb6 22. Qxb6 axb6 23. b5 Na5 24. Rc3 Rfc8 25. Rdc1 Rxc3 26. Rxc3 Be1 27. Rc2
Bxd2 28. Rxd2 Nc4 29. Ra2 Rxa3 30. Rxa3 Nxa3 31. Nd4 Kf8 32. g4 Ke7 33. g5 Nc4
34. Nf3 Ne3 35. Kf2 Nf5 36. Kg2 f6 37. g6 fxe5 38. fxe5 Ne3+ 39. Kg3 Kd7 40.
Kf4 Nc2 41. Nh2 Nd4 42. Ng4 Ke7 0-1

[Event "European Club Cup"]
[Site "chess24.com"]
[Date "2018.10.17"]
[Round "6.5"]
[White "Schartz, Alain"]
[Black "Bevan, Peter M"]
[Result "1/2-1/2"]
[WhiteElo "2107"]
[BlackElo "1886"]
[PlyCount "67"]
[EventDate "2018.??.??"]
[WhiteTeam "Luxembourg"]
[BlackTeam "Wales"]
[WhiteTeamCountry "LUX"]
[BlackTeamCountry "WLS"]
[TimeControl "6000+1245"]
[WhiteClock "0:03:40"]
[BlackClock "0:35:26"]

1. e4 d5 2. exd5 Qxd5 3. Nc3 Qd8 4. d4 c6 5. Nf3 Bf5 6. Bc4 e6 7. Bb3 Nd7 8.
Ne2 Ngf6 9. Ng3 Bg6 10. Nh4 Nh5 11. Nxg6 hxg6 12. Nxh5 Rxh5 13. Be3 Qc7 14. h3
O-O-O 15. Qe2 Bd6 16. O-O-O Bf4 17. Kb1 Bxe3 18. fxe3 c5 19. c3 Nb6 20. c4 Kb8
21. Rd2 a5 22. a3 Rhh8 23. Rhd1 e5 24. dxe5 Rxd2 25. Qxd2 Qxe5 26. Qxa5 Nc8 27.
Qd2 Re8 28. Re1 Nd6 29. g4 f5 30. Rd1 Ne4 31. Qa5 fxg4 32. Rd8+ Rxd8 33. Qxd8+
Ka7 34. Qa5+ 1/2-1/2

[Event "European Club Cup"]
[Site "chess24.com"]
[Date "2018.10.17"]
[Round "6.6"]
[White "Buttell, David"]
[Black "Jadin, Yves"]
[Result "1-0"]
[WhiteElo "1758"]
[BlackElo "1855"]
[PlyCount "123"]
[EventDate "2018.??.??"]
[WhiteTeam "Wales"]
[BlackTeam "Luxembourg"]
[WhiteTeamCountry "WLS"]
[BlackTeamCountry "LUX"]
[TimeControl "6000+925"]
[WhiteClock "0:08:49"]
[BlackClock "0:34:06"]

1. d4 g6 2. c4 Bg7 3. Nc3 d6 4. e4 e5 5. d5 f5 6. Bd3 Nf6 7. f3 O-O 8. Nge2
fxe4 9. Nxe4 Nxe4 10. Bxe4 Nd7 11. O-O Nc5 12. Nc3 a6 13. Be3 Nxe4 14. Nxe4 Bf5
15. Bg5 Qe8 16. Qe2 h6 17. Bd2 Bxe4 18. Qxe4 Qf7 19. Rae1 Qf5 20. b3 Rf7 21.
Re2 Qxe4 22. Rxe4 Raf8 23. Rfe1 Kh7 24. h3 h5 25. Kf2 Bh6 26. Be3 Bxe3+ 27.
R1xe3 Rf4 28. g3 Rxe4 29. Rxe4 g5 30. Ke3 Kg6 31. b4 Rf7 32. a3 c6 33. dxc6 Rc7
34. cxb7 Rxb7 35. f4 gxf4+ 36. gxf4 Kf5 37. fxe5 dxe5 38. c5 Rg7 39. Kd3 Rd7+
40. Ke3 Rg7 41. Kf3 Rd7 42. Re3 Rc7 43. Re1 Rf7 44. Ke3 Rg7 45. Rf1+ Ke6 46.
Ke4 Rg3 47. Rf3 Rg1 48. Rd3 Re1+ 49. Re3 Rd1 50. Kf3 Kd5 51. Ke2 Rg1 52. Kf2
Rd1 53. Rg3 Rc1 54. Rg6 Rc3 55. Rxa6 Rxh3 56. Rd6+ Ke4 57. c6 Rxa3 58. b5 Ra2+
59. Kg3 Ra3+ 60. Kh4 Kf5 61. c7 Rc3 62. Rc6 1-0